 Dungeon Sprint DCSS version 0.18.1-6-gd335043 (webtiles) character file.

17 Groucho the Covered (level 2, -1/28 HPs)
             Began as a Deep Dwarf Fighter on May 19, 2016.
             Was an Initiate of Makhleb.
             Slain by a hill giant
             ... wielding a cursed -3 giant spiked club
              (9 damage)
             ... in the Dungeon (Sprint IX: "|||||||||||||||||||||||||||||").
             The game lasted 00:01:12 (116 turns).

Groucho the Covered (Deep Dwarf Fighter)             Turns: 116, Time: 00:01:12

Health: -1/28      AC: 11    Str: 27    XL:     2   Next: 44%
Magic:  3/3        EV:  8    Int:  8    God:    Makhleb [......]
Gold:   0          SH: 10    Dex: 12    Spells: 0 memorised, 1 level left

rFire  . . .     SeeInvis .     q - +3 war axe (elec)
rCold  . . .     Gourm    .     s - +1 chain mail
rNeg   . . .     Faith    .     c - +0 shield
rPois  .         Spirit   .     (no helmet)
rElec  .         Dismiss  .     r - +0 cloak
rCorr  .         Reflect  .     (no gloves)
SustAt .         Harm     .     (no boots)
MR     .....     NoTele   +     (no amulet)
Stlth  ..........               u - +2 ring of evasion
                                t - +3 ring of strength

@: mighty, non-regenerating, not resistant to hostile enchantments, extremely
unstealthy
A: damage resistance, recharge devices, sense surroundings 1, slow regeneration
3
a: Device Recharging, Renounce Religion


You were in the Dungeon.
You worshipped Makhleb.
Makhleb was noncommittal.
You were not hungry.

You visited 1 branch

Inventory:

Hand Weapons
 q - a +3 war axe of electrocution (weapon)
Armour
 c - a +0 shield (worn)
 r - a +0 cloak (worn)
 s - a +1 chain mail (worn)
Jewellery
 t - a +3 ring of strength (left hand)
 u - a +2 ring of evasion (right hand)
Wands
 e - a wand of heal wounds (5/9)
 p - a wand of iceblast (7/15)
Scrolls
 l - 2 scrolls of blinking
 n - 3 scrolls of remove curse
 o - 2 scrolls of amnesia
Potions
 g - 5 potions of curing
 h - 2 potions of heal wounds
 i - a potion of haste
 j - 4 potions of magic
 k - a potion of berserk rage
 m - a potion of invisibility
Comestibles
 f - a bread ration


   Skills:
 * Level 3.5 Fighting
 * Level 3.4 Axes
 * Level 4.1 Armour
 * Level 4.1 Shields
 + Level 1.5 Evocations


You had one spell level left.
You didn't know any spells.

Dungeon Overview and Level Annotations

Branches:
Dungeon (1/1)

Altars:
Cheibriados
Dithmenos
Elyvilon
Fedhas
Gozag
Kikubaaqudgha
Makhleb
Nemelex Xobeh
Okawaru
Pakellas
Qazlal
Ru
Sif Muna
Trog
Vehumet
Xom
Yredelemnul
Zin
The Shining One
Beogh
Jiyva
Lugonu


Innate Abilities, Weirdness & Mutations

You are resistant to damage.
You can recharge devices by infusing magical energy.
You passively map a small area around you.
You do not regenerate naturally.


Message History

The hill giant is moderately wounded.
You block the hill giant's attack.
Your shield and chain mail prevent you from hitting the hill giant.
The hill giant is moderately wounded.
The hill giant barely misses you.
You slash the hill giant!
The hill giant is moderately wounded.
The hill giant hits you with a giant spiked club!
Ouch! That really hurt!
Drink which item? (? for menu, Esc to quit)
You feel much better. You block the hill giant's attack.
You slice the hill giant!!
The hill giant is severely wounded.
The hill giant hits you with a giant spiked club!!
Ouch! That really hurt!
* * * LOW HITPOINT WARNING * * *
You slash the hill giant!
The hill giant is almost dead.
The hill giant hits you with a giant spiked club!
You die...

, , ** * * * ** * ,, ,,,
, ** * ** ** * * , ,, ,,
,, , * * *** * * * * , ,
, , ,,
▓▓▓▓▓▓▓▓▓▓▓▓▓▓▓▓▓▓▓▓▓▓▓▓
.CChc5C@...[)|..'_______
▓▓▓▓▓▓▓▓▓▓▓▓▓▓▓▓▓▓▓▓▓▓▓▓


You could see 3 hill giants, a black bear, a centaur and a shadow imp.

Vanquished Creatures
  A shadow imp (D)
  A bat skeleton (D)
  A bat zombie (D)
  A giant cockroach (D)
  A goblin (D)
  A hobgoblin (D)
  A giant cockroach zombie (D)
  2 giant newts (D)
  A rat (D)
10 creatures vanquished.

Notes
Turn   | Place    | Note
--------------------------------------------------------------
     0 | D        | Groucho the Deep Dwarf Fighter began the quest for the Orb.
     0 | D        | Reached XP level 1. HP: 20/20 MP: 1/1
    17 | D        | Reached skill level 1 in Evocations
    29 | D        | Reached XP level 2. HP: 28/28 MP: 2/2
    40 | D        | Found a glowing silver altar of Zin.
    40 | D        | Found a glowing golden altar of the Shining One.
    40 | D        | Found an ancient bone altar of Kikubaaqudgha.
    40 | D        | Found a basalt altar of Yredelemnul.
    40 | D        | Found a shimmering altar of Xom.
    40 | D        | Found a radiant altar of Vehumet.
    41 | D        | Found an iron altar of Okawaru.
    42 | D        | Found a burning altar of Makhleb.
    43 | D        | Found a deep blue altar of Sif Muna.
    44 | D        | Found a bloodstained altar of Trog.
    45 | D        | Found a sparkling altar of Nemelex Xobeh.
    46 | D        | Found a white marble altar of Elyvilon.
    47 | D        | Found a roughly hewn altar of Beogh.
    48 | D        | Found a viscous altar of Jiyva.
    49 | D        | Found a corrupted altar of Lugonu.
    50 | D        | Became a worshipper of Makhleb the Destroyer
    51 | D        | Found a blossoming altar of Fedhas.
    52 | D        | Found a snail-covered altar of Cheibriados.
    53 | D        | Found a shadowy altar of Dithmenos.
    54 | D        | Found a stormy altar of Qazlal.
    55 | D        | Found an opulent altar of Gozag.
    56 | D        | Found a sacrificial altar of Ru.
    57 | D        | Found an oddly glowing altar of Pakellas.
   104 | D        | Noticed a hill giant
   104 | D        | Noticed a hill giant
   104 | D        | Noticed a black bear
   104 | D        | Noticed a hill giant
   104 | D        | Noticed a centaur
   116 | D        | Slain by a hill giant

Skill      XL: |  1  2 |
---------------+-------+-----
Fighting       | 3 |  3.5
Evocations     | 1 |  1.5
Axes           | 3 |  3.4
Armour         | 4 |  4.1
Shields        | 4 |  4.1

Action                   || total
-------------------------++-------
Melee: War axe           ||    31
  Use: Potion            ||     2
Armor: Scale mail        ||     6
       Chain mail        ||     3
Dodge: Dodged            ||     5
Block: Shield            ||    18
